 Dungeon Crawl Stone Soup version 0.27.0-1-g7a089689b8 (webtiles) character file.

Game seed: 12927332339574222871

47 SnakkuSnakku7 the Firebug (level 3, -1/35 HPs)
             Began as a Troll Fire Elementalist on Aug 9, 2021.
             Slain by a kobold (8 damage)
             ... on level 2 of the Dungeon.
             The game lasted 00:01:39 (1096 turns).

SnakkuSnakku7 the Firebug (Troll Fire Elementalist) Turns: 1096, Time: 00:01:39

Health: -1/35      AC:  4    Str: 16    XL:     3   Next: 48%
Magic:  3/3        EV:  9    Int: 11    God:
Gold:   20         SH:  0    Dex: 11    Spells: 3/4 levels left

rFire    . . .     SeeInvis .     - Unarmed
rCold    . . .     Faith    .   (no shield)
rNeg     . . .     Spirit   .   a - +0 robe
rPois    .         Reflect  .   (helmet restricted)
rElec    .         Harm     .   (no cloak)
rCorr    .         Rampage  .   (gloves unavailable)
Will     .....                  (boots unavailable)
Stlth    +.........             (no amulet)
HPRegen  1.11/turn              (no ring)
MPRegen  0.08/turn              (no ring)

@: lethally poisoned (-1 -> -2)
A: large, unfitting armour, claws 3, regeneration 1, shaggy fur 1, tough skin 1
a: no special abilities


You were on level 2 of the Dungeon.
You visited 1 branch of the dungeon, and saw 2 of its levels.

You collected 20 gold pieces.

Inventory:

Armour
 a - a +0 robe (worn)
Scrolls
 b - a scroll of teleportation {unknown}
 c - a scroll of enchant weapon {unknown}
 d - a scroll of noise {unknown}


   Skills:
 + Level 1.7 Fighting
 - Level 1.5 Dodging
 - Level 1.0 Stealth
 + Level 2.1 Unarmed Combat
 - Level 1.2 Spellcasting
 - Level 0.6 Conjurations
 - Level 2.1 Fire Magic


You had 3 spell levels left.
You knew the following spells:

 Your Spells              Type           Power      Damage    Failure   Level
a - Foxfire               Conj/Fire      12%        2x1d4     19%         1

Your spell library contained the following spells:

 Spells                   Type           Power      Damage    Failure   Level
 Conjure Flame            Conj/Fire      3%         6-21      47%         3
 Inner Flame              Hex/Fire       3%         N/A       52%         3
 Sticky Flame             Conj/Fire      3%         2d3       87%         4
 Fireball                 Conj/Fire      1%         3d3       99%         5


Dungeon Overview and Level Annotations

Branches:
Dungeon (2/15)

Altars:


Innate Abilities, Weirdness & Mutations

You are too large for most types of armour.
You have claws for hands.
Your natural rate of healing is unusually fast.
You are covered in fur. (AC +1)
You have tough skin. (AC +1)


Message History

You feel sick. The adder bites you but does no damage.
The kobold hits you with a +0 flail. The kobold hits you but does no damage.
Unknown command.
You closely miss the adder.
The adder is almost dead.
You feel sick. The adder closely misses you.
The kobold hits you with a +0 dagger. The kobold closely misses you.
You miss the adder.
The adder is almost dead.
You feel sick. The adder bites you but does no damage.
The kobold barely misses you. The kobold hits you but does no damage.
The adder bites you but does no damage.
Unknown command.
You miss the adder.
The adder is almost dead.
You feel sick. The adder bites you. The adder closely misses you.
The kobold hits you but does no damage. The kobold hits you with a +0 flail.
The adder bites you.
You miss the adder.
The adder is almost dead.
You feel sick. The adder bites you. The adder closely misses you.
The kobold barely misses you. The kobold closely misses you.
Unknown command.
You miss the adder.
The adder is severely wounded.
You feel sick.
You are no longer poisoned.
The adder bites you but does no damage. The adder bites you.
* * * LOW HITPOINT WARNING * * *
You are poisoned.
The adder poisons you! The kobold hits you but does no damage.
The kobold hits you with a +0 flail.
* * * LOW HITPOINT WARNING * * *
Unknown command.
You barely miss the adder.
The adder is severely wounded.
You feel sick. The adder barely misses you.
The adder bites you but does no damage. x2; The kobold barely misses you.
The kobold hits you with a +0 flail!
You die...

..# #.# #.## #
..#
#.####..######.#
###
#....††........#
#...†.###......#
#..##.#.#.###...#
#....#.#...## #.#
....#.#.##.#..# .
##..#.#.#S###.#
#..##..#@S# .#
#.. ##K#K.# . #g
##.##? #) .# .#
.# . . . . ## ..


You could see 2 adders, a goblin and 2 kobolds.

Vanquished Creatures
  An adder (D:2)
  A worm (D:2)
  2 dart slugs (D:1)
  A ball python (D:1)
  9 bats
  4 endoplasms
  3 goblins
  3 hobgoblins
  A quokka (D:2)
  A kobold (D:1)
  5 rats
31 creatures vanquished.

Vanquished Creatures (others)
  4 foxfires (D:2)
4 creatures vanquished.

Grand Total: 35 creatures vanquished

Notes
Turn   | Place    | Note
-------+----------+-------------------------------------------
     0 | D:1      | SnakkuSnakku7 the Troll Fire Elementalist began the quest
                  | for the Orb.
     0 | D:1      | Reached XP level 1. HP: 16/16 MP: 1/1
   283 | D:1      | Reached skill level 1 in Unarmed Combat
   314 | D:1      | Reached XP level 2. HP: 26/26 MP: 2/2
   362 | D:1      | Reached skill level 1 in Fighting
   992 | D:2      | Reached XP level 3. HP: 33/33 MP: 3/3
  1096 | D:2      | Slain by a kobold

Illustrated notes

Levels and vault maps discovered:
D:1:      lightli_arrival_lavapool, layout_loops_corners,
          chequers_serial_rivers_room_a
D:2:      minmay_chambers_of_twos, layout_basic, minmay_pentomino_pile

Skill      XL: |  1  2  3 |
---------------+----------+-----
Unarmed Combat | 1 2 |  2.1
Fighting       | 1 |  1.7
Dodging        | |  1.5
Stealth        | |  1.0
Spellcasting   | |  1.2
Conjurations   | |  0.6
Fire Magic     | |  2.1

Action                   || total
-------------------------++-------
Melee: Unarmed           ||    73
 Cast: Foxfire           ||     2
 Stab: Sleeping          ||     3
Armor: Robe              ||    42
Dodge: Dodged            ||    36
